cohdb
Replays
Latest Replays
All Replays
Popular Replays
Top Player Replays
Match Explorer
How It Works
Community
CoH3 Stats
Reddit
Sign in to upload your games and track your stats! →
Sign in with Steam
Match 45594457
Unlisted
Match 45594457
Overview
Messages
Build Orders
End
Scout Squad
Construct Weapon Support Center
M1919 Machine Gun Team
M1919 Machine Gun Team
Engineer Squad
Infantry Support Center
Selects Airborne Battlegroup
Selects Pathfinders
Selects Paratrooper Squad Paradrop
Paratrooper Squad Paradrop
M3 Armored Personnel Carrier
Paratrooper Squad Paradrop
M3 Armored Personnel Carrier
Construct Medical Station
Construct Tank Depot
M4(105) Sherman Bulldozer
Selects Recon Loiter
Selects Paradrop Reinforcements
Selects Dual P-47 Rocket Strike
Advanced Logistics
Engineer Squad
RICO
Wolfe
0
0
Comments
sign in to comment!
No comments posted yet!